Map: King Sejong Station LE

Players

SEiSHiN - Winner!

  • Race: Terran Terran
  • League: Gold

Vengeance

  • Race: Zerg Zerg
  • League: Gold

VOD

Have the link to the VOD?

Description

Time

  • Played on: May 30, 2016, 2:59 a.m.
  • Length: 14:45
Show
View Real Time Build Order
Export as new Build Order

SEiSHiN Terran - Winner!

Build Orders: MMM Bio 

Get SALT Encoding   

  12  0:00  SCV  
  13  0:13  SCV  
  14  0:18  Supply Depot  
  14  0:25  SCV  
  15  0:39  SCV  
  15  0:40  Barracks  
  16  0:45  Refinery  
  16  0:51  SCV  
  17  1:03  SCV  
  18  1:16  SCV  
  19  1:34  Orbital Command  
  19  1:35  Barracks Reactor  
  19  1:46  Command Center  
  19  2:00  Supply Depot, SCV  
  20  2:11  Marine  
  20  2:12  Marine, SCV  
  23  2:23  Factory  
  23  2:25  SCV  
  24  2:31  Barracks  
  24  2:32  Marine x2  
  26  2:41  SCV  
  27  2:44  Refinery  
  27  2:50  Marine x2  
  29  2:55  SCV  
  30  3:00  Orbital Command  
  30  3:10  Starport  
  30  3:11  Widow Mine  
  30  3:12  Marine  
  32  3:19  Barracks Tech Lab  
  33  3:20  Marine  
  33  3:21  SCV  
  35  3:28  SCV  
  36  3:35  SCV  
  36  3:38  Stimpack  
  36  3:40  Marine x3, SCV  
  41  3:47  Supply Depot  
  41  3:48  Factory Reactor  
  41  3:53  Medivac  
  41  3:55  SCV x2  
  45  4:02  Marine  
  46  4:08  Marine x2  
  46  4:09  SCV x2  
  50  4:10  Supply Depot  
  50  4:20  Supply Depot  
  50  4:21  Marine, SCV x2  
  53  4:26  Marine  
  54  4:32  Marine  
  54  4:37  SCV x2  
  57  4:41  Medivac x2  
  57  4:44  Engineering Bay  
  57  4:45  Supply Depot x2  
  61  4:46  Marine x2  
  63  4:59  Marine  
  64  5:00  SCV x2  
  64  5:05  Marine x2  
  68  5:12  SCV x2  
  68  5:14  Terran Infantry Weapons Level 1, Command Center  
  70  5:16  Missile Turret  
  70  5:18  Marine, Missile Turret  
  71  5:22  Medivac  
  71  5:24  Medivac  
  75  5:29  SCV x2  
  77  5:37  Marine x2  
  77  5:38  Marine  
  80  5:48  Liberator  
  80  5:51  Supply Depot  
  80  5:52  Barracks  
  80  5:54  Supply Depot  
  80  6:00  Marine  
  80  6:01  Marine x2  
  86  6:13  SCV x2, Refinery  
  86  6:14  Supply Depot  
  88  6:23  Supply Depot  
  71  6:59  Marine x2  
  71  7:00  Barracks Tech Lab  
  71  7:01  Marauder  
  71  7:02  Medivac x2  
  71  7:03  SCV x2  
  75  7:18  SCV x2  
  77  7:24  Terran Infantry Armor Level 1, Refinery  
  77  7:26  Marine x2  
  77  7:27  Supply Depot, Marauder x2  
  83  7:30  SCV x2  
  83  7:31  Liberator  
  83  7:32  Engineering Bay, Supply Depot  
  83  7:34  Combat Shields  
  83  7:35  Armory  
  85  7:49  Marine x2  
  88  7:52  Marine x2  
  88  7:57  Barracks x2  
  90  8:00  Barracks x2  
  90  8:01  Supply Depot  
  90  8:02  Supply Depot  
  90  8:05  Liberator  
  90  8:10  Orbital Command  
  90  8:11  SCV x2  
  92  8:20  Marine x2  
  92  8:21  Marauder x2  
  92  8:24  SCV x2  
  92  8:26  Terran Infantry Weapons Level 2  
  103  8:40  Marine x2  
  103  8:41  Supply Depot  
  105  8:42  SCV x3  
  105  8:43  Supply Depot  
  105  8:48  Command Center  
  107  8:52  Barracks Tech Lab x2  
  107  8:53  Barracks Tech Lab  
  107  8:58  Marauder x2  
  107  9:00  SCV x3  
  107  9:02  Marine x2  
  115  9:06  Barracks Reactor  
  116  9:23  Liberator x2  
  104  9:38  Marine x2  
  103  9:39  Marauder x5  
  103  9:41  SCV x3  
  123  9:53  SCV x2  
  123  9:55  Terran Infantry Armor Level 2  
  123  9:58  Supply Depot x2  
  125  10:00  Concussive Shells  
  125  10:01  Marine x4  
  125  10:03  Marauder x5  
  139  10:07  Refinery  
  139  10:18  Barracks  
  139  10:20  Barracks x2, Liberator x2  
  139  10:22  Barracks  
  139  10:24  Marauder  
  139  10:25  Marine x4  
  139  10:26  Marauder x4  
  153  10:28  Barracks  
  149  11:08  Marine x3  
  149  11:09  Barracks Reactor x2  
  149  11:10  Barracks Tech Lab  
  149  11:11  Marine x2  
  154  11:13  Marauder x3  
  154  11:14  Marauder x2  
  164  11:19  Planetary Fortress  
  164  11:37  Marine  
  164  11:38  Marine x2, Barracks Tech Lab  
  164  11:39  Barracks Tech Lab  
  167  11:41  Marine, Marauder  
  167  11:42  Marauder x5  
  167  11:45  Terran Infantry Weapons Level 3  
  180  11:53  Command Center  
  118  12:40  Marine x5  
  118  12:41  Marine x5  
  118  12:43  Marauder x4  
  130  12:44  Marauder x2  
  130  12:45  Medivac x2  
  124  12:59  Marauder  
  124  13:00  Marauder  
  124  13:03  Refinery  
  125  13:06  Barracks  
  125  13:07  Marine x8  
  125  13:08  Barracks x3  
  125  13:09  Marauder x5  
  125  13:10  Marauder  
  133  13:33  Marine x2  
  133  13:34  Marine x6  
  135  13:35  Marine  
  135  13:38  Marauder x7  
  135  13:40  Medivac x2  
  160  13:53  Marauder  
  162  13:56  Barracks Tech Lab x2  
  162  13:57  Barracks Reactor x2  
  162  13:58  Marine x6  
  162  13:59  Marine x7, Marauder x2  
  179  14:07  Command Center  
  179  14:14  Marine  
  179  14:16  Marine  
  181  14:17  Marauder x4  
Show
View Real Time Build Order
Export as new Build Order

Vengeance Zerg 

Build Orders: 3 Hatch before Pool 

Get SALT Encoding   

  12  0:01  Drone  
  13  0:12  Overlord  
  13  0:19  Drone  
  14  0:31  Drone x2  
  14  0:34  Drone  
  17  0:45  Drone  
  18  0:59  Hatchery  
  17  1:16  Hatchery  
  16  1:19  Drone  
  17  1:34  Spawning Pool  
  17  1:36  Drone  
  17  1:48  Extractor  
  16  1:54  Drone  
  16  1:56  Drone x2  
  19  2:14  Drone  
  20  2:21  Queen x2  
  24  2:24  Drone  
  24  2:26  Zergling x2  
  24  2:28  Queen  
  28  2:37  Zergling x2  
  28  2:39  Overlord  
  30  2:44  Drone  
  30  2:48  Drone  
  30  2:49  Metabolic Boost  
  31  2:57  Overlord  
  31  3:00  Drone  
  32  3:09  Drone x4  
  36  3:15  Drone x2  
  36  3:17  Drone  
  39  3:20  Drone  
  39  3:23  Drone  
  41  3:31  Drone x3  
  44  3:41  Drone x3  
  47  3:48  Evolution Chamber, Drone  
  47  3:49  Roach Warren  
  46  4:00  Extractor  
  46  4:02  Extractor  
  44  4:16  Extractor, Overlord x2  
  43  4:20  Zergling x2  
  43  4:21  Zergling x12  
  43  4:24  Lair  
  50  4:37  Baneling Nest  
  49  4:42  Roach x4  
  49  4:43  Roach x4  
  65  4:47  Drone  
  65  4:48  Overlord  
  65  4:52  Overlord  
  65  5:17  Drone x3  
  65  5:18  Overlord, Drone x4  
  65  5:19  Drone  
  73  5:23  Overseer  
  73  5:24  Glial Reconstitution  
  72  5:38  Drone  
  72  5:39  Drone x4  
  72  5:40  Drone x2  
  79  5:43  Ravager x4  
  79  5:44  Ravager  
  75  6:07  Drone x10  
  85  6:19  Roach  
  87  6:25  Overlord x2  
  87  6:26  Infestation Pit  
  80  6:42  Overlord x3  
  67  6:54  Roach x9  
  74  7:12  Ravager  
  74  7:13  Ravager  
  74  7:17  Drone x6  
  80  7:26  Drone x5  
  80  7:29  Queen  
  83  7:32  Overseer  
  83  7:34  Pneumatized Carapace  
  85  7:41  Extractor  
  85  7:43  Extractor  
  83  7:46  Drone x5  
  83  7:50  Burrow  
  88  7:51  Zerg Missile Weapons Level 1  
  88  7:55  Evolution Chamber  
  88  7:56  Hydralisk Den  
  87  7:58  Ravager  
  87  7:59  Ravager x7  
  94  8:08  Drone x3  
  94  8:09  Drone x5  
  102  8:23  Roach  
  102  8:24  Roach  
  102  8:25  Overlord x2  
  106  8:30  Hatchery  
  106  8:33  Zerg Ground Armor Level 1  
  105  8:36  Muscular Augments  
  102  9:17  Roach x10  
  96  9:18  Overlord x2, Roach  
  96  9:19  Overlord x2  
  89  9:41  Overlord x3  
  89  9:42  Zergling x2, Roach  
  89  9:44  Roach x4  
  100  9:51  Zerg Missile Weapons Level 2  
  100  10:08  Pathogen Glands  
  100  10:09  Roach  
  100  10:10  Roach x9  
  100  10:11  Overlord  
  120  10:19  Hydralisk  
  121  10:47  Hydralisk x7  
  121  10:48  Hydralisk  
  121  10:49  Roach x5  
  133  11:00  Zergling x8  
  133  11:01  Zergling x10  
  138  11:07  Evolution Chamber  
  138  11:08  Hydralisk x2  
  141  11:12  Infestor x3  
  147  11:24  Ravager  
  148  11:33  Overlord x3  
  148  11:35  Hydralisk x3, Zergling x8  
  148  11:36  Hydralisk x3  
  164  11:44  Overlord x3  
  164  11:59  Tunneling Claws  
  164  12:01  Zerg Ground Armor Level 2  
  164  12:02  Hatchery  
  164  12:05  Hive  
  144  12:22  Zergling x2  
  144  12:23  Zergling x22  
  144  12:24  Zergling x12  
  99  12:38  Zergling x6  
  81  12:57  Hydralisk x8  
  59  13:32  Hydralisk, Spire  
  59  13:33  Hydralisk x5  
  70  13:42  Roach  
  70  13:43  Roach  
  72  14:13  Hydralisk x4  
Tags
 
Add a new tag
Caveats
  • Supply blocks, unpowered buildings, or Contaminate may cause inaccurate times.
  • Supply counts are checked every 10 seconds.